AoeStats
← ricky102603

Arabia

509333297Analyzed
1v1 RM · 7d ago on Sep 26, 2026· 45m 52s· 2 players
Game mode
Random Map
Map size
Tiny (2 player)
Population
200
Speed
Normal
Resources
Standard
Victory
Conquest
Starting age
Dark Age
Ending age
Imperial Age
RankedLock teamsTeams togetherTeam positionsShared explorationLock speedFull tech treeHidden civsTurbo modeCheats
Victory
Defeat
🇹🇼 Ethiopians · Taiwan
1003
+16
🇨🇳 Tatars · China
997
-16
51515426
0:42 Loom
12:34 Feudal Age
21:54 Castle Age
20:16 Double-Bit Axe
20:26 Horse Collar
21:53 Gold Mining
25:33 Elite Skirmisher
26:21 Fletching
29:31 Stone Mining
34:04 Bow Saw
35:58 Bloodlines
ricky102603
6:30 Loom
9:01 Feudal Age
13:22 Fletching
17:50 Padded Archer Armor
21:07 Castle Age
19:24 Double-Bit Axe
19:31 Horse Collar
19:46 Stone Mining
20:40 Gold Mining
21:43 Bodkin Arrow
22:41 Thumb Ring
22:32 Crossbowman
29:03 Leather Archer Armor
29:47 Gold Shaft Mining
29:48 Stone Shaft Mining
35:21 Forging
35:17 Scale Barding Armor
35:55 Husbandry
42:58 Imperial Age
44:34 Wheelbarrow
43:24 Arbalester
44:08 Bracer
44:39 Ring Archer Armor
44:45 Iron Casting
44:30 Chain Barding Armor
43:57 Cavalier
Connection lost

Rejoining the realm…

Still unreachable

The connection could not be restored.

Session expired

The server has moved on; the page needs a fresh start.